[Event "Early-Titled-Tuesday-Blitz-July-09-2024"]
[Site "Chess.com"]
[Date "2024.07.09"]
[Round "9"]
[White "Seochesspie"]
[Black "Zohid6"]
[Result "1-0"]
[WhiteElo "2902"]
[BlackElo "2974"]
[TimeControl "180+1"]
[EndTime "9:42:46 PDT"]
[Termination "Seochesspie won by resignation"]

1. e4 e5 2. Nf3 Nf6 3. Nc3 Nc6 4. Bb5 Nd4 5. Bc4 Bc5 6. d3 d6 7. Nxd4 Bxd4 8. h3 Be6 9. Bxe6 fxe6 10. Ne2 Bb6 11. O-O O-O 12. Be3 Nh5 13. Qd2 Bxe3 14. fxe3 Qg5 15. Rxf8+ Rxf8 16. Rf1 Rf6 17. Rxf6 gxf6 18.
Kf2 f5 19. exf5 exf5 20. Qa5 f4 21. exf4 Nxf4 22. Nxf4 Qxf4+ 23. Ke2 Qg3 24. Qd5+ Kg7 25. Qxb7 Kh6 26. Qe4 a5 27. Qe3+ Qxe3+ 28. Kxe3 Kg5 29. g3 Kf5 30. a4 c5 31. c4 h5 32. Kf3 1-0

[Event "Early-Titled-Tuesday-Blitz-July-09-2024"]
[Site "Chess.com"]
[Date "2024.07.09"]
[Round "9"]
[White "Andrey-Ivanov2011"]
[Black "Payyappat"]
[Result "0-1"]
[WhiteElo "2178"]
[BlackElo "2414"]
[TimeControl "180+1"]
[EndTime "9:42:48 PDT"]
[Termination "Payyappat won by resignation"]

1. d4 Nf6 2. c4 c5 3. d5 e6 4. Nc3 exd5 5. cxd5 d6 6. e4 g6 7. f4 Bg7 8. Nf3 O-O 9. Bd3 b5 10. O-O c4 11. Bc2 b4 12. Ne2 Re8 13. Ng3 Bg4 14. h3 Bxf3 15. Qxf3 Nbd7 16. Rb1 Nc5 17. Be3 b3 18. axb3 cxb3 19. Bd1 Nfxe4 20. Nxe4 Nxe4 21.
Bxb3 Rb8 22. Bc2 f5 23. b3 Rc8 24. Bxe4 Rxe4 25. Qf2 Qe7 26. Rfe1 Re8 27. Bd2 Bd4 28. Rxe4 Bxf2+ 29. Kxf2 Qxe4 30. Re1 Qd4+ 0-1

[Event "Early-Titled-Tuesday-Blitz-July-09-2024"]
[Site "Chess.com"]
[Date "2024.07.09"]
[Round "9"]
[White "Kombinator01"]
[Black "manitodeplomo"]
[Result "0-1"]
[WhiteElo "2442"]
[BlackElo "2600"]
[TimeControl "180+1"]
[EndTime "9:43:00 PDT"]
[Termination "manitodeplomo won by resignation"]

1. e4 c5 2. Nc3 Nc6 3. g3 g6 4. Bg2 Bg7 5. d3 Rb8 6. a4 a6 7. Nf3 b5 8. axb5 axb5 9. O-O b4 10. Nd5 d6 11. h3 e6 12. Ne3 Nge7 13. Kh2 O-O 14. Ra2 b3 15. Ra3 bxc2 16. Qxc2 Nb4 17.
Qb1 Nec6 18. Bd2 Ba6 19. Bc3 Bxd3 20. Qa1 Bxf1 21. Bxg7 Kxg7 22. Bxf1 Nc2 23. Nxc2 Qf6 24. Ra2 Qxf3 0-1

[Event "Early-Titled-Tuesday-Blitz-July-09-2024"]
[Site "Chess.com"]
[Date "2024.07.09"]
[Round "9"]
[White "jumpingknight20"]
[Black "nrvisakh"]
[Result "1-0"]
[WhiteElo "2824"]
[BlackElo "2923"]
[TimeControl "180+1"]
[EndTime "9:43:01 PDT"]
[Termination "jumpingknight20 won by resignation"]

1. e4 e6 2. d4 d5 3. Nd2 c5 4.
exd5 Qxd5 5. Ngf3 cxd4 6. Bc4 Qd6 7. O-O Nf6 8. Nb3 Nc6 9. Nbxd4 Nxd4 10. Nxd4 Be7 11. c3 O-O 12. Bb3 Qc7 13. Qf3 Bd7 14. Bf4 e5 15. Bg3 Bg4 16. Qd3 Rad8 17. Rfe1 Bd6 18.
Nb5 Qb6 19. Nxd6 Rxd6 20. Qc2 Rfd8 21. Rxe5 Rd2 22. Qc1 Nh5 23. Qxd2 1-0

[Event "Early-Titled-Tuesday-Blitz-July-09-2024"]
[Site "Chess.com"]
[Date "2024.07.09"]
[Round "9"]
[White "NowInChess"]
[Black "sanbruh"]
[Result "1-0"]
[WhiteElo "2216"]
[BlackElo "2331"]
[TimeControl "180+1"]
[EndTime "9:43:03 PDT"]
[Termination "NowInChess won by resignation"]

1. e4 c5 2. d3 d6 3. g3 g6 4. Bg2 Bg7 5. f4 Nc6 6. Nf3 e6 7. O-O Nge7 8. c3 O-O 9. Be3 Rb8 10.
d4 b6 11. dxc5 dxc5 12. Qe2 Bb7 13. Na3 Qc8 14. Nb5 Ba6 15. a4 Na5 16. Rad1 Qc6 17. Ne5 Bxe5 18. fxe5 Bxb5 19. axb5 Qc7 20. Qf3 Nc4 21. Bh6 Nxe5 22. Qf6 1-0

[Event "Early-Titled-Tuesday-Blitz-July-09-2024"]
[Site "Chess.com"]
[Date "2024.07.09"]
[Round "9"]
[White "campochess"]
[Black "klercaku"]
[Result "0-1"]
[WhiteElo "2244"]
[BlackElo "2373"]
[TimeControl "180+1"]
[EndTime "9:43:16 PDT"]
[Termination "klercaku won by resignation"]

1. Nf3 d5 2. b3 e6 3. Bb2 Nf6 4. d3 Be7 5. g3 O-O 6. Bg2 Nbd7 7. O-O c5 8. Nbd2 b6 9. e4 Bb7 10. Ng5 h6 11. Nh3 Rc8 12. Rc1 e5 13. c4 dxc4 14.
Nxc4 Qc7 15. f4 exf4 16. gxf4 Nb8 17. Qe2 Nc6 18. e5 Nh7 19. f5 f6 20. e6 Rcd8 21. Rcd1 Nd4 22. Bxd4 Bxg2 23. Qxg2 Rxd4 24. Nf4 Rxf4 25. Rxf4 Qxf4 26. Qb7 Re8 27. Qd7 Kf8 28. Qxa7 Qxf5 29. Qxb6 Ng5 30. Qc6 Nf3+ 31. Kh1 Qh3 32. Qc7 Qxe6 33. Qf4 Qd5 34. Ne3 Qc6 35. Nf5 Nd4+ 36.
Kg1 Ne2+ 0-1

[Event "Early-Titled-Tuesday-Blitz-July-09-2024"]
[Site "Chess.com"]
[Date "2024.07.09"]
[Round "9"]
[White "UnTucopalaTimba"]
[Black "maurovargas01"]
[Result "1-0"]
[WhiteElo "2111"]
[BlackElo "1949"]
[TimeControl "180+1"]
[EndTime "9:43:17 PDT"]
[Termination "UnTucopalaTimba won by resignation"]

1. e4 c6 2. d4 d5 3. Nc3 dxe4 4. Nxe4 Nf6 5. Nxf6+ exf6 6. Bc4 Bd6 7. c3 O-O 8. Ne2 Re8 9. Bd2 Bg4 10. f3 Bh5 11.
Bd3 Nd7 12. Qc2 Nf8 13. O-O-O Rc8 14. Nf4 Bg6 15. Nxg6 hxg6 16. h4 c5 17. dxc5 Bxc5 18. g4 Qa5 19. Kb1 Rcd8 20. g5 f5 21. h5 Be3 22.
hxg6 fxg6 23. Bc4+ Rd5 24. Bxe3 Rxe3 25. Rxd5 Qb6 26.
Rd6+ Ne6 27. Rxb6 axb6 28. Qd2 Re5 29. f4 Re4 30. Bd5 Kf7 31. Bxe4 fxe4 32. Qd7+ Kf8 33. Qxe6 1-0

[Event "Early-Titled-Tuesday-Blitz-July-09-2024"]
[Site "Chess.com"]
[Date "2024.07.09"]
[Round "9"]
[White "zacachess"]
[Black "rhungaski"]
[Result "0-1"]
[WhiteElo "2477"]
[BlackElo "2646"]
[TimeControl "180+1"]
[EndTime "9:43:18 PDT"]
[Termination "rhungaski won by resignation"]

1. e4 e6 2. d4 d5 3. Nc3 Nf6 4. Bg5 Bb4 5. e5 h6 6. Bd2 Bxc3 7. bxc3 Ne4 8. Qg4 g6 9. Bd3 Nxd2 10. Kxd2 c5 11. h4 c4 12. Be2 Nc6 13. Rh3 b5 14. a3 a5 15. Rf3 Bd7 16. Qf4 Qe7 17. Qf6 Rh7 18. Qxe7+ Kxe7 19. Nh3 Rhh8 20. Nf4 b4 21. axb4 axb4 22. Rxa8 Rxa8 23. Rh3 Ra2 24. Bd1 b3 25.
Kc1 Ra1+ 0-1

[Event "Early-Titled-Tuesday-Blitz-July-09-2024"]
[Site "Chess.com"]
[Date "2024.07.09"]
[Round "9"]
[White "Boorchess"]
[Black "Nekoo04"]
[Result "0-1"]
[WhiteElo "2540"]
[BlackElo "2397"]
[TimeControl "180+1"]
[EndTime "9:43:20 PDT"]
[Termination "Nekoo04 won by resignation"]

1. d4 Nf6 2. c4 g6 3. f3 d5 4.
cxd5 Nxd5 5. e4 Nb6 6. Be3 Bg7 7. Qd2 O-O 8. Nc3 Nc6 9. O-O-O Na5 10. b3 Bd7 11. h4 h5 12. Nh3 Rc8 13. Bh6 c5 14. d5 c4 15. b4 Nb3+ 16. axb3 Bxc3 17. Qf4 cxb3 18. Kb1 Na4 19. Bxf8 Qxf8 20. Bd3 Bf6 21. e5 Bg7 22. Rc1 Nc3+ 23. Kb2 Nxd5 24. Qd4 Bc6 25.
b5 Nb4 26. bxc6 Bxe5 0-1

[Event "Early-Titled-Tuesday-Blitz-July-09-2024"]
[Site "Chess.com"]
[Date "2024.07.09"]
[Round "9"]
[White "GM_Huschenbeth"]
[Black "Chessbard1972"]
[Result "1-0"]
[WhiteElo "2523"]
[BlackElo "2231"]
[TimeControl "180+1"]
[EndTime "9:43:21 PDT"]
[Termination "GM_Huschenbeth won by resignation"]

1. e4 e5 2. Nf3 Nf6 3. d4 d5 4. Nxe5 Nxe4 5. Bd3 Be7 6. O-O O-O 7. c4 Nf6 8. Nc3 Be6 9. cxd5 Nxd5 10. Re1 Nd7 11. Nxd5 Bxd5 12. Qh5 Nf6 13. Qh4 g6 14. Bg5 Re8 15. Ng4 Ne4 16. Bxe7 Rxe7 17. Bxe4 Bxe4 18. Nf6+ Kg7 19. Nxe4 Re6 20. Ng5 Rxe1+ 21. Rxe1 h6 22. Nf3 1-0

[Event "Early-Titled-Tuesday-Blitz-July-09-2024"]
[Site "Chess.com"]
[Date "2024.07.09"]
[Round "9"]
[White "AlainBruxelles"]
[Black "DFeco"]
[Result "0-1"]
[WhiteElo "2255"]
[BlackElo "2431"]
[TimeControl "180+1"]
[EndTime "9:43:28 PDT"]
[Termination "DFeco won by resignation"]

1. d4 d5 2. Nf3 Nf6 3. c4 c6 4.
Nc3 a6 5. cxd5 cxd5 6. Bg5 Ne4 7.
Bf4 Nc6 8. e3 Nxc3 9. bxc3 Bg4 10. h3 Bxf3 11. gxf3 e6 12. Bd3 Bd6 13. Bxd6 Qxd6 14.
Rg1 O-O 15. e4 Qf4 16. e5 f6 17. Rg4 Qh6 18. exf6 Rxf6 19. h4 Raf8 20. Be2 Rf4 21.
Qd2 Qf6 22. Rxf4 Qxf4 23. Qxf4 Rxf4 24. Rb1 Na5 25. Rb6 Kf7 26. Kd2 Rxh4 27. Ke3 Rh1 28. Rb2 Ke7 29. Bd3 h5 30. Kf4 Rg1 31. Re2 g5+ 32.
Ke3 h4 33. Kd2 h3 34. Bf5 h2 35. Rxe6+ Kf7 0-1

[Event "Early-Titled-Tuesday-Blitz-July-09-2024"]
[Site "Chess.com"]
[Date "2024.07.09"]
[Round "9"]
[White "Rosh1610"]
[Black "GMAneta"]
[Result "1-0"]
[WhiteElo "2491"]
[BlackElo "2629"]
[TimeControl "180+1"]
[EndTime "9:43:32 PDT"]
[Termination "Rosh1610 won by checkmate"]

1. e4 c5 2. Nc3 Nc6 3. f4 g6 4. Nf3 Bg7 5. a4 e6 6. Bb5 Nge7 7. e5 a6 8. Bxc6 Nxc6 9. O-O d6 10. exd6 Qxd6 11. d3 O-O 12. Be3 b6 13. Qd2 Bb7 14.
Rae1 Nd4 15. Bxd4 cxd4 16. Ne4 Qc6 17. Ne5 Qxa4 18. c3 dxc3 19. bxc3 Rfd8 20. d4 Bxe4 21.
Rxe4 b5 22. Nc6 Rd7 23. Ne5 Bxe5 24. fxe5 Qb3 25. Rh4 Qa3 26. Qh6 Qxc3 27. Qxh7+ Kf8 28. Qxg6 Qe3+ 29. Kh1 Rc8 30. Rh8+ Ke7 31. Rxf7# 1-0

[Event "Early-Titled-Tuesday-Blitz-July-09-2024"]
[Site "Chess.com"]
[Date "2024.07.09"]
[Round "9"]
[White "ValeriyGrinev"]
[Black "Flawless_Fighter"]
[Result "1-0"]
[WhiteElo "2672"]
[BlackElo "2769"]
[TimeControl "180+1"]
[EndTime "9:43:35 PDT"]
[Termination "ValeriyGrinev won by resignation"]

1. d4 Nf6 2. c4 e6 3. Nf3 d5 4. e3 b6 5. Nbd2 Bb7 6. Bd3 Nbd7 7. O-O Be7 8. Qe2 O-O 9. e4 dxe4 10. Nxe4 Nxe4 11. Bxe4 Bxe4 12. Qxe4 Nf6 13. Qe2 c5 14. Rd1 Qc7 15. b3 Rad8 16. Bb2 h6 17. Rd3 Qf4 18. Rad1 Qe4 19. Re3 Qf5 20. d5 Bd6 21. dxe6 fxe6 22. Bxf6 gxf6 23. Nh4 Qg5 24. Rxd6 Rxd6 25. Rg3 Rfd8 26.
h3 Kf7 27. Rxg5 hxg5 28. Qh5+ Ke7 29. Qh7+ Ke8 30. Ng6 1-0

[Event "Early-Titled-Tuesday-Blitz-July-09-2024"]
[Site "Chess.com"]
[Date "2024.07.09"]
[Round "9"]
[White "Individoom"]
[Black "Likvidator228"]
[Result "1-0"]
[WhiteElo "2763"]
[BlackElo "2574"]
[TimeControl "180+1"]
[EndTime "9:43:37 PDT"]
[Termination "Individoom won by resignation"]

1. d4 Nf6 2. Bg5 Ne4 3. h4 h6 4. Bf4 d5 5. Nd2 Nxd2 6. Qxd2 c6 7. e3 Bf5 8. f3 e6 9. g4 Bh7 10. Bd3 Bxd3 11. Qxd3 Bd6 12. Ne2 Bxf4 13. Nxf4 Nd7 14. O-O-O Qa5 15. Kb1 O-O-O 16. Qd2 Qxd2 17. Rxd2 e5 18.
Nh5 g6 19. Ng3 exd4 20. exd4 Rde8 21. h5 Re3 22. hxg6 Rxf3 23. g7 Rg8 24. Nf5 Rxf5 25. gxf5 Rxg7 26. Rdh2 Rg5 27. Rh5 Rg4 28. c3 Rf4 29.
Re1 Kc7 30. a3 a5 31. Re7 Rf1+ 32. Ka2 f6 33. Rxh6 Kd6 34. Re6+ Kc7 35. Rh7 Kd8 36. Rd6 1-0

[Event "Early-Titled-Tuesday-Blitz-July-09-2024"]
[Site "Chess.com"]
[Date "2024.07.09"]
[Round "9"]
[White "prosequi"]
[Black "Pachonpower"]
[Result "0-1"]
[WhiteElo "2337"]
[BlackElo "2458"]
[TimeControl "180+1"]
[EndTime "9:43:38 PDT"]
[Termination "Pachonpower won by resignation"]

1. e4 c5 2. Nc3 d6 3. Nge2 e5 4. Ng3 Nc6 5. Bc4 g6 6. O-O Nf6 7. d3 Bg7 8. f4 O-O 9. f5 Nd4 10. Bg5 Qa5 11. fxg6 Ng4 12. gxf7+ Kh8 13. Be7 Ne3 14.
Bxf8 Bxf8 15. Qh5 Nxf1 16. Rxf1 Be6 17. Qg5 Bg7 18. Qe7 Bxc4 19. dxc4 Rf8 20. Nh5 Qd8 21.
Qxb7 Bh6 22. Nd5 Qg5 23. Qe7 Qxh5 24. Qxd6 Bg7 25. Qxc5 Qe2 26. Nf6 Nxc2 27. Nd7 Ne3 0-1

[Event "Early-Titled-Tuesday-Blitz-July-09-2024"]
[Site "Chess.com"]
[Date "2024.07.09"]
[Round "9"]
[White "Navyblue1"]
[Black "Resignify"]
[Result "0-1"]
[WhiteElo "2116"]
[BlackElo "2255"]
[TimeControl "180+1"]
[EndTime "9:43:38 PDT"]
[Termination "Resignify won by resignation"]

1. d4 Nf6 2. c4 e6 3. Nf3 Bb4+ 4. Bd2 Qe7 5. g3 Ne4 6. Bg2 O-O 7. O-O Nxd2 8. Nbxd2 Bxd2 9. Qxd2 d6 10. e4 e5 11.
Rfe1 Bg4 12. Qc3 Bxf3 13. Bxf3 Nc6 14. d5 Nd4 15. Bg2 c5 16. f4 f6 17. Re3 b5 18. b3 bxc4 19. bxc4 Rab8 20. f5 Rb4 21. g4 Rfb8 22. Bf1 g6 23. fxg6 hxg6 24. Rh3 Rb1 25. Rxb1 Rxb1 26. Qe3 Qd7 27. g5 Qg4+ 28. Kf2 Rb2+ 0-1

[Event "Early-Titled-Tuesday-Blitz-July-09-2024"]
[Site "Chess.com"]
[Date "2024.07.09"]
[Round "9"]
[White "Stanbad1"]
[Black "SuperPower2011"]
[Result "0-1"]
[WhiteElo "2614"]
[BlackElo "2726"]
[TimeControl "180+1"]
[EndTime "9:43:39 PDT"]
[Termination "SuperPower2011 won by resignation"]

1. d4 Nf6 2. Nc3 d5 3. Bf4 c5 4. e4 Nxe4 5. Nxe4 dxe4 6. dxc5 Qa5+ 7. c3 Qxc5 8. Qa4+ Nc6 9. Qxe4 g6 10. Nf3 Bg7 11. Rd1 O-O 12. Be3 Qa5 13. Bc4 Bf5 14. Qh4 Ne5 15. Nxe5 Qxe5 16. O-O Bf6 17. Bd4 Bxh4 18.
Bxe5 Rfd8 19. Rfe1 Kf8 20. g3 Bf6 21. Bxf6 exf6 22.
f4 Bc2 23. Rxd8+ Rxd8 24. Kf2 a6 25. Ke3 b5 26. Bb3 Bf5 27. Rd1 Rc8 28. Rd6 a5 29.
Rxf6 Rc7 30. a4 bxa4 31. Bxa4 Be6 32. f5 Ke7 33. Rxe6+ fxe6 34. fxg6 hxg6 35. Bc2 Kf6 36. Kd2 g5 37. b4 axb4 38. cxb4 Ke5 39. Kd3 Rd7+ 40. Ke3 Rb7 41. h4 gxh4 42. gxh4 Rxb4 43. h5 Rh4 44. Bg6 Rh3+ 45. Kf2 Kf4 46. Kg2 Rh4 47. Kf2 e5 48. Kg2 e4 49. Kf2 e3+ 50. Ke2 Rh2+ 51.
Ke1 Kf3 52. Kd1 e2+ 53. Kd2 Kf2 0-1

[Event "Early-Titled-Tuesday-Blitz-July-09-2024"]
[Site "Chess.com"]
[Date "2024.07.09"]
[Round "9"]
[White "JAN2404"]
[Black "Alenzer"]
[Result "1-0"]
[WhiteElo "2079"]
[BlackElo "2155"]
[TimeControl "180+1"]
[EndTime "9:43:40 PDT"]
[Termination "JAN2404 won by resignation"]

1. e4 c5 2. d4 cxd4 3. c3 dxc3 4. Nxc3 Nc6 5. Nf3 Qc7 6. Bc4 e6 7. O-O Nf6 8. Nb5 Qb8 9. e5 Nxe5 10. Bf4 d6 11.
Bxe5 dxe5 12. Re1 e4 13. Ng5 Be7 14. Nxe4 O-O 15. Bd3 a6 16. Nbc3 g6 17. Qf3 Nxe4 18. Nxe4 b5 19. Nf6+ Kg7 20. Ng4 Bb7 21. Be4 Bxe4 22.
Qxe4 h5 23. Ne5 Qa7 24. Rad1 Bf6 25. Rd7 Bxe5 26. Qxe5+ Kh6 27. Rxa7 Rxa7 28. Qe3+ Kg7 29. Qxa7 1-0

[Event "Early-Titled-Tuesday-Blitz-July-09-2024"]
[Site "Chess.com"]
[Date "2024.07.09"]
[Round "9"]
[White "Sychev_Klementy"]
[Black "chipmunknau"]
[Result "1-0"]
[WhiteElo "2944"]
[BlackElo "2709"]
[TimeControl "180+1"]
[EndTime "9:43:45 PDT"]
[Termination "Sychev_Klementy won by resignation"]

1. h4 d5 2. h5 e5 3. h6 Nxh6 4. d4 Nc6 5. dxe5 Nxe5 6. Nc3 Be6 7. Qd4 Nc6 8. Qa4 Nf5 9. Bf4 d4 10. O-O-O Bd6 11. Bxd6 Qxd6 12. Nf3 O-O-O 13. e3 Qc5 14. Ne4 Qb6 15. g4 Nd6 16. Nxd6+ Rxd6 17. exd4 Bxg4 18.
Bh3 Bxh3 19. Rxh3 h6 20. c3 Ne7 21. Ne5 Rf6 22. Qd7+ Kb8 23. Qxe7 Rxf2 24. Nd7+ 1-0

[Event "Early-Titled-Tuesday-Blitz-July-09-2024"]
[Site "Chess.com"]
[Date "2024.07.09"]
[Round "9"]
[White "Hirna2005"]
[Black "lluiss"]
[Result "1-0"]
[WhiteElo "2415"]
[BlackElo "2188"]
[TimeControl "180+1"]
[EndTime "9:43:49 PDT"]
[Termination "Hirna2005 won on time"]

1. e4 c5 2. Nf3 d6 3. c3 Nf6 4. h3 Nbd7 5. Bd3 b6 6. O-O Bb7 7. Re1 e5 8. Bc2 Be7 9. d4 exd4 10. cxd4 O-O 11. Nc3 Re8 12. e5 Nd5 13. Qd3 g6 14. exd6 Bxd6 15. Bg5 Rxe1+ 16. Rxe1 Qc7 17. Nb5 Qc6 18.
Nxd6 Qxd6 19. Bb3 Nb4 20. Qe2 Bd5 21. dxc5 Nxc5 22. Bxd5 Qxd5 23. Bh6 Qc6 24. Nd4 Qd7 25. Qe5 f6 26. Qxf6 1-0

[Event "Early-Titled-Tuesday-Blitz-July-09-2024"]
[Site "Chess.com"]
[Date "2024.07.09"]
[Round "9"]
[White "LileKoridze"]
[Black "Austen48"]
[Result "1-0"]
[WhiteElo "2407"]
[BlackElo "2271"]
[TimeControl "180+1"]
[EndTime "9:43:52 PDT"]
[Termination "LileKoridze won on time"]

1. d4 Nf6 2. c4 e6 3. Nf3 Bb4+ 4. Bd2 Bxd2+ 5. Qxd2 d5 6. Nc3 O-O 7. e3 Qe7 8. Bd3 dxc4 9. Bxc4 c5 10. O-O Rd8 11. Rad1 Nc6 12. Qe2 cxd4 13. exd4 Qf8 14. a3 b6 15. d5 exd5 16. Nxd5 Nxd5 17. Bxd5 Bb7 18. Qe4 Re8 19. Qh4 h6 20. Rc1 Na5 21. Bxb7 Nxb7 22. Nd4 Nc5 23. Qg3 Rad8 24. Nf5 g6 25. Ne3 Kh7 26.
Rc4 Re4 27. Rxe4 Nxe4 28. Qf4 Qe7 29. Ng4 h5 30. Qxe4 Qg5 31. Ne3 1-0

[Event "Early-Titled-Tuesday-Blitz-July-09-2024"]
[Site "Chess.com"]
[Date "2024.07.09"]
[Round "9"]
[White "Cherepov_Alexej"]
[Black "luggevoila"]
[Result "0-1"]
[WhiteElo "2429"]
[BlackElo "2339"]
[TimeControl "180+1"]
[EndTime "9:43:53 PDT"]
[Termination "luggevoila won by checkmate"]

1. d4 Nf6 2. c4 g6 3. Nc3 Bg7 4.
Nf3 d6 5. Bf4 O-O 6. h3 c5 7. e3 Nc6 8. d5 Nb8 9. Be2 Bf5 10. O-O Ne4 11. Nxe4 Bxe4 12. Nd2 Bf5 13. e4 Bc8 14. Qc2 Nd7 15. Rfe1 a6 16. Bd3 Ne5 17.
Bf1 e6 18. Be3 exd5 19. cxd5 b5 20. a4 Rb8 21. f4 Nd7 22. axb5 axb5 23. Ra7 Re8 24.
Rea1 Nf6 25. R1a5 Nxd5 26. exd5 Rxe3 27. Bxb5 Bd4 28. Kh2 Qh4 29. Nf1 Rxh3+ 30. gxh3 Qxh3# 0-1

[Event "Early-Titled-Tuesday-Blitz-July-09-2024"]
[Site "Chess.com"]
[Date "2024.07.09"]
[Round "9"]
[White "rdarruda"]
[Black "BashirliSaadat"]
[Result "1-0"]
[WhiteElo "2566"]
[BlackElo "2410"]
[TimeControl "180+1"]
[EndTime "9:43:54 PDT"]
[Termination "rdarruda won by resignation"]

1. Nf3 d5 2. d4 e6 3. c4 c6 4. e3 Nf6 5. Nc3 Nbd7 6. Bd3 Bd6 7. O-O O-O 8. e4 dxe4 9. Nxe4 Nxe4 10. Bxe4 c5 11. Bg5 Qc7 12. Rc1 Bf4 13. Bxf4 Qxf4 14. Re1 Nf6 15. g3 Qc7 16. Bd3 cxd4 17. Nxd4 Rd8 18.
Nb5 Qe7 19. Qe2 a6 20. Nc3 Bd7 21. Ne4 Nxe4 22. Bxe4 Bc6 23. Bxc6 bxc6 24. Rcd1 Rab8 25. b3 Rb7 26. Qe4 Rbd7 27. Rxd7 Qxd7 28. Re2 c5 29. Kg2 Qd3 30. Qxd3 Rxd3 31. Re5 f6 32. Rxc5 Rd2 33. Ra5 Rd6 34. Kf3 Kf7 35. Rc5 Ke8 36. Rc7 Kf8 37.
Ke2 a5 38. Rb7 Ra6 39. a3 h6 40. c5 Rc6 41. b4 axb4 42. axb4 e5 43. Kd3 f5 44. Kc4 g5 45. b5 Rc8 46. c6 e4 47.
Kd4 h5 48. Ke5 Rd8 49. c7 1-0

[Event "Early-Titled-Tuesday-Blitz-July-09-2024"]
[Site "Chess.com"]
[Date "2024.07.09"]
[Round "9"]
[White "Cmorales2001"]
[Black "JoJoZP"]
[Result "0-1"]
[WhiteElo "2346"]
[BlackElo "2491"]
[TimeControl "180+1"]
[EndTime "9:43:56 PDT"]
[Termination "JoJoZP won by resignation"]

1. e4 c5 2. Nf3 d6 3. Bb5+ Nd7 4. O-O a6 5. Bd3 Ngf6 6. Re1 b5 7. c3 Bb7 8. Bc2 c4 9. d4 cxd3 10. Bxd3 Nc5 11. Bc2 Bxe4 12. Bxe4 Ncxe4 13. a4 e6 14. Qe2 bxa4 15. Rxa4 Nc5 16. Rh4 Be7 17. Nbd2 O-O 18. Nc4 a5 19. Bg5 Nd5 20. Bxe7 Qxe7 21. Qc2 h6 22. Rd4 Qc7 23. Nxd6 Qxd6 24. c4 Nb4 0-1

[Event "Early-Titled-Tuesday-Blitz-July-09-2024"]
[Site "Chess.com"]
[Date "2024.07.09"]
[Round "9"]
[White "dretch"]
[Black "jaskol95"]
[Result "1-0"]
[WhiteElo "2884"]
[BlackElo "2663"]
[TimeControl "180+1"]
[EndTime "9:44:00 PDT"]
[Termination "dretch won by resignation"]

1. d4 d5 2. c4 e5 3. dxe5 d4 4.
Nf3 Nc6 5. Nbd2 Nge7 6. Nb3 Ng6 7. Nbxd4 Ngxe5 8. Nxe5 Nxe5 9. e3 Bc5 10. Be2 O-O 11.
O-O c6 12. b3 Qh4 13. Bb2 Bg4 14. Qc2 Rfe8 15. Rad1 Bxe2 16. Qxe2 Bd6 17. h3 Bc7 18. f4 Ng6 19. Nf5 Nxf4 20. Qf3 Nxh3+ 21. gxh3 Qg5+ 22. Kh1 Be5 23. Rg1 Qf6 24. Rxg7+ Kf8 25. Ba3+ Bd6 26. Rxd6 Re7 1-0

[Event "Early-Titled-Tuesday-Blitz-July-09-2024"]
[Site "Chess.com"]
[Date "2024.07.09"]
[Round "9"]
[White "maroro07"]
[Black "malakismayil"]
[Result "0-1"]
[WhiteElo "2368"]
[BlackElo "2521"]
[TimeControl "180+1"]
[EndTime "9:44:01 PDT"]
[Termination "malakismayil won by resignation"]

1. d4 d5 2. c4 c5 3. cxd5 Qxd5 4. dxc5 Qxd1+ 5. Kxd1 e5 6. Nf3 Nc6 7. e3 Bg4 8. Bb5 e4 9. Bxc6+ bxc6 10. Ke2 exf3+ 11.
gxf3 Be6 12. b4 a5 13. Bd2 axb4 14. Bxb4 Nf6 15. Nc3 Nd5 16. Nxd5 Bxd5 17. a4 Be7 18. e4 Bc4+ 19. Ke3 O-O 20. Rhc1 Bb3 21. Ra3 Be6 22. f4 f5 23. f3 g5 24. fxg5 Bxg5+ 25. f4 Be7 26.
Rg1+ Kf7 27. e5 Rab8 28. Rb1 Rxb4 29. Rxb4 Bxc5+ 30. Kf3 Bxb4 31. Ra1 Bd5+ 32. Ke3 Ra8 33. Kd4 Ke6 34. Rg1 Rxa4 35. Rg8 Bd2+ 36. Kd3 Bxf4 37. Re8+ Kf7 38. Rh8 Be4+ 39. Kc3 Bxe5+ 0-1

[Event "Early-Titled-Tuesday-Blitz-July-09-2024"]
[Site "Chess.com"]
[Date "2024.07.09"]
[Round "9"]
[White "nicolochessit"]
[Black "SVijayalakshmi"]
[Result "1-0"]
[WhiteElo "2415"]
[BlackElo "2538"]
[TimeControl "180+1"]
[EndTime "9:44:03 PDT"]
[Termination "nicolochessit won by resignation"]

1. d4 Nf6 2. Nc3 e6 3. Bg5 d5 4. e4 dxe4 5. Nxe4 Be7 6. Bxf6 Bxf6 7. Nf3 Be7 8. Bd3 O-O 9. Qe2 Nd7 10. O-O-O a5 11. h4 a4 12. Nfg5 h6 13. Kb1 a3 14. b3 Ra5 15. f4 b6 16. g4 Bb7 17.
Rh3 Nf6 18. Nxf6+ Bxf6 19. c3 Re8 20. Nxf7 Kxf7 21. g5 Be7 22. Qh5+ Kg8 23. Qg6 Bf8 24. gxh6 Qe7 25. Rg3 Rd8 26. Qh7+ Kf7 27. hxg7 Bxg7 28.
Rxg7+ 1-0

[Event "Early-Titled-Tuesday-Blitz-July-09-2024"]
[Site "Chess.com"]
[Date "2024.07.09"]
[Round "9"]
[White "RandomNoob04"]
[Black "chessbaerchen"]
[Result "0-1"]
[WhiteElo "2757"]
[BlackElo "2662"]
[TimeControl "180+1"]
[EndTime "9:44:09 PDT"]
[Termination "chessbaerchen won by resignation"]

1. e4 c5 2. d4 cxd4 3. c3 dxc3 4. Nxc3 Nc6 5. Nf3 e6 6. Bc4 Bb4 7. O-O Nf6 8. e5 Ng4 9. Bf4 Bxc3 10. bxc3 Qc7 11.
Qe2 f6 12. Bg3 Ngxe5 13. Nxe5 Nxe5 14. Bb3 O-O 15. Rad1 Qxc3 16. Rd6 Nf7 17. Rd3 Qa5 18. Rc1 d5 19. h4 Bd7 20. Rc7 Bb5 21. Qxe6 Bxd3 22.
Bxd5 Bg6 23. h5 Bxh5 24. Qf5 Qe1+ 25. Kh2 Bg6 26. Qd7 Rad8 27. Qb5 Qb1 28. Qa5 b6 29. Qd2 Qf5 30. Bxf7+ Bxf7 31. Qe3 Qh5+ 32. Kg1 Rd1+ 0-1

[Event "Early-Titled-Tuesday-Blitz-July-09-2024"]
[Site "Chess.com"]
[Date "2024.07.09"]
[Round "9"]
[White "yesilikeorangejuice"]
[Black "Resourchess"]
[Result "1-0"]
[WhiteElo "2517"]
[BlackElo "2370"]
[TimeControl "180+1"]
[EndTime "9:44:10 PDT"]
[Termination "yesilikeorangejuice won by resignation"]

1. e4 d6 2. d4 g6 3. Nf3 Bg7 4.
Bd3 Nf6 5. O-O O-O 6. Nbd2 c5 7. dxc5 dxc5 8. e5 Nd5 9. Nb3 Na6 10. Bxa6 bxa6 11.
Nxc5 Nb4 12. c3 Qxd1 13. Rxd1 Nc6 14. e6 fxe6 15. Be3 e5 16. Ng5 h6 17. Nge6 Bxe6 18. Nxe6 Rfc8 19. Rd7 Bf6 20. Bxh6 Kf7 21. Ng5+ Bxg5 22.
Bxg5 Ke6 23. Rad1 Rab8 24. b3 Rb5 25. h3 Ra5 26. R1d2 Rc5 27. c4 Re8 28. Rc7 Kf5 29. Be3 Ra5 30. Rxc6 e6 31. Bxa7 g5 32. Bb6 Ra3 33.
Bc5 Ra5 34. Bb4 1-0

[Event "Early-Titled-Tuesday-Blitz-July-09-2024"]
[Site "Chess.com"]
[Date "2024.07.09"]
[Round "9"]
[White "Aragon"]
[Black "DarkPassenger007"]
[Result "1-0"]
[WhiteElo "2178"]
[BlackElo "2237"]
[TimeControl "180+1"]
[EndTime "9:44:13 PDT"]
[Termination "Aragon won on time"]

1. e4 c5 2. Nf3 d6 3. d4 cxd4 4. Nxd4 Nf6 5. Nc3 a6 6. Bg5 e6 7. f4 Be7 8. Qf3 Qc7 9. O-O-O Nbd7 10. g4 h6 11. Qh3 b5 12. Bg2 Bb7 13. Bxf6 Bxf6 14.
g5 Be7 15. g6 O-O-O 16. gxf7 b4 17. Nxe6 Qc4 18. Bf1 Qc6 19. Nd5 Bf6 20. Nxd8 Rxd8 21. Qf5 Qa4 22. f8=Q 1-0